 Dungeon Crawl Stone Soup version 0.17.1-2-g5865329 (webtiles) character file.

2482 Moresty the Grappler (level 9, -6/88 HPs)
             Began as a Troll Monk on Jan 12, 2016.
             Was a Priest of Makhleb.
             Mangled by a wolf (8 damage)
             ... led by Grum
             ... on level 7 of the Dungeon.
             The game lasted 00:20:14 (6019 turns).

Moresty the Grappler (Troll Monk)                   Turns: 6019, Time: 00:20:14

Health: -6/88      AC:  6    Str: 20 (24) XL:     9   Next: 27%
Magic:  9/9        EV: 12    Int:  6      God:    Makhleb [***...]
Gold:   387        SH:  0    Dex: 12      Spells: 0 memorised, 8 levels left

rFire  . . .     SeeInvis .       - Unarmed
rCold  . . .     Clarity  .     a - +0 robe
rNeg   . . .     SustAt   .     (no shield)
rPois  .         Gourm    +     (helmet restricted)
rElec  .         Spirit   .     s - +0 cloak
rCorr  .         Warding  .     (gloves unavailable)
rMut   .         Stasis   .     (boots unavailable)
MR     .....                    x - amulet of rage
Stlth  +.........               (no ring)
                                F - +1 ring of slaying

@: flying, very slightly contaminated, invisible, not resistant to hostile
enchantments, very unstealthy
A: unfitting armour, claws 3, fast metabolism 3, gourmand, regeneration 2,
shaggy fur 1, tough skin 2
a: Minor Destruction, Lesser Servant of Makhleb, Renounce Religion, Evoke
Berserk Rage


You were on level 7 of the Dungeon.
You worshipped Makhleb.
Makhleb was most pleased with you.
You were very full.

You visited 2 branches of the dungeon, and saw 9 of its levels.
You also visited: Sewer.

You collected 387 gold pieces.

Inventory:

Armour
 a - a +0 robe (worn)
 s - a +0 cloak (worn)
Jewellery
 x - an amulet of rage (around neck)
 A - an uncursed ring of teleportation
 E - an uncursed ring of loudness
 F - a +1 ring of slaying (left claw)
Wands
 y - a wand of magic darts (1)
Scrolls
 e - a scroll of fear {unknown}
 g - a scroll of blinking {unknown}
 h - 11 scrolls of identify
 j - a scroll of teleportation {unknown}
 n - a scroll of remove curse
 q - a scroll of immolation {unknown}
 w - a scroll of noise {unknown}
 z - a scroll of enchant armour {unknown}
Potions
 c - 3 potions of haste
 d - 5 potions of agility
 k - 3 potions of brilliance
 l - a potion of ambrosia
 r - a potion of poison
 u - 2 potions of berserk rage
Miscellaneous
 m - a plain deck of summoning
Comestibles
 b - 8 bread rations
 f - 8 slices of pizza
 i - 7 meat rations
 o - 4 fruits
 D - 2 beef jerkies


   Skills:
 + Level 5.5 Fighting
 + Level 5.7 Dodging
 - Level 1.1 Stealth
 * Level 9.7 Unarmed Combat
 + Level 1.9 Invocations


You had 8 spell levels left.
You didn't know any spells.

Dungeon Overview and Level Annotations

Branches:
Dungeon (8/15)             Temple (1/1) D:6
   Lair: D:8-11

Altars:
Ashenzari
Cheibriados
Dithmenos
Elyvilon
Fedhas
Gozag
Kikubaaqudgha
Makhleb
Nemelex Xobeh
Okawaru
Qazlal
Ru
Sif Muna
Trog
Vehumet
Xom
Yredelemnul
Zin
The Shining One

Shops:
D:8 (

Annotations:
D:8 Grum


Innate Abilities, Weirdness & Mutations

You are too large for most types of armour.
You have claws for hands.
Your metabolism is lightning-fast.
You like to eat raw meat.
You heal very quickly.
You are covered in fur (AC +1).
You have very tough skin (AC +2).


Message History

It was a potion of flight.
You feel very buoyant.
You fly up into the air.
The wolf closely misses you. The wolf bites you.
* * * LOW HITPOINT WARNING * * *
It was a potion of invisibility.
You fade into invisibility!
The wolf bites you.
* * * LOW HITPOINT WARNING * * *
You are very lightly contaminated with residual magic.
The wolf bites you.
* * * LOW HITPOINT WARNING * * *
It was a potion of degeneration.
There was something very wrong with that liquid.
You feel weakened. The wolf misses you. The wolf bites you but does no damage.
The wolf bites you but does no damage.
As you read the scroll labeled LISIAP LOBRAVY, it crumbles to dust.
You feel forgetful for a moment.
It was a scroll of amnesia.
The wolf bites you!
You die...

#.# #.#########. #.#
##........... #.# #............
#.############ #..##########
#.....)......# #..# #
#.##########.#####..# #
#.........##.##.....# #
#<.###..#.....h.###.##########
#..####......@h.# #...........
####.......####.##.###.##########
......###### #.##...>.# ###...#
#.######## #...## #.# #..#.## #.#
#.###.#######.# ##.#..........#
##.###########


You could see 2 wolves.

Vanquished Creatures
  A human (D:7)
  A yak (D:7)
  A hungry ghost (D:6)
  3 phantoms
  A sky beast (D:7)
  An ice beast (D:6)
  2 ogres (D:6)
  A centaur (D:6)
  2 giant frogs
  A crocodile (Sewer)
  2 scorpions
  A centaur zombie (D:5)
  A crimson imp (D:6)
  A hound (D:4)
  A jelly (D:6)
  2 centaur skeletons
  3 orc priests
  A giant frog skeleton (D:7)
  4 orc wizards
  6 worker ants
  Natasha (thrice) (D:4)
  3 iguanas
  3 sheep (D:7)
  A hound skeleton (D:7)
  A hound zombie (D:7)
  4 adders
  12 gnolls
  A river rat (D:6)
  4 oozes
  2 adder zombies (D:5)
  2 adder skeletons
  4 worms
  8 giant geckos
  10 orcs
  8 giant cockroaches
  13 hobgoblins
  2 jackals (D:3)
  12 kobolds
  3 quokkas
  A ball python (D:2)
  16 bats
  6 giant newts
  8 goblins
  10 rats
173 creatures vanquished.

Notes
Turn   | Place    | Note
--------------------------------------------------------------
     0 | D:1      | Moresty the Troll Monk began the quest for the Orb.
     0 | D:1      | Reached XP level 1. HP: 22/22 MP: 0/0
   134 | D:1      | Reached XP level 2. HP: 29/29 MP: 1/1
   745 | D:1      | Reached XP level 3. HP: 36/36 MP: 2/2
  1227 | D:2      | Reached XP level 4. HP: 42/44 MP: 3/3
  1263 | D:2      | Reached skill level 5 in Unarmed Combat
  1292 | D:2      | Found a faded altar to an unknown god.
  2181 | D:4      | Noticed Natasha
  2184 | D:4      | Killed Natasha
  2184 | D:4      | Reached XP level 5. HP: 51/53 MP: 4/4
  2218 | D:4      | Found a bloodstained altar of Trog.
  2218 | D:4      | Found a basalt altar of Yredelemnul.
  2220 | D:4      | Found a blossoming altar of Fedhas.
  2279 | D:4      | Found an ancient bone altar of Kikubaaqudgha.
  2334 | D:4      | Noticed Natasha
  2335 | D:4      | Noticed a phantom
  2352 | D:4      | Killed Natasha
  2369 | D:4      | Killed a phantom
  2369 | D:4      | Reached skill level 6 in Unarmed Combat
  2369 | D:4      | Reached XP level 6. HP: 46/61 MP: 5/5
  2661 | D:4      | Noticed a phantom
  2676 | D:4      | Killed a phantom
  2676 | D:4      | Reached XP level 7. HP: 66/68 MP: 6/6
  2801 | D:4      | Noticed Natasha
  2809 | D:4      | Killed Natasha
  3129 | D:5      | Entered Level 5 of the Dungeon
  3147 | D:5      | Reached skill level 7 in Unarmed Combat
  3188 | D:5      | Found a shimmering altar of Xom.
  3188 | D:5      | Noticed an angel
  3210 | D:5      | Found a glowing silver altar of Zin.
  3767 | D:5      | Found a white marble altar of Elyvilon.
  4013 | D:6      | Found an opulent altar of Gozag.
  4048 | D:6      | Reached XP level 8. HP: 54/79 MP: 7/7
  4115 | D:6      | Reached skill level 8 in Unarmed Combat
  4234 | D:6      | Found a glowing drain.
  4242 | Sewer    | Entered a sewer
  4450 | D:6      | Reached skill level 5 in Dodging
  4514 | D:6      | Found a radiant altar of Vehumet.
  4515 | D:6      | Found a burning altar of Makhleb.
  4522 | D:6      | Became a worshipper of Makhleb the Destroyer
  4522 | D:6      | Reached * piety under Makhleb
  4522 | D:6      | Reached ** piety under Makhleb
  4567 | D:6      | Reached skill level 5 in Fighting
  4594 | D:6      | Found a staircase to the Ecumenical Temple.
  4608 | Temple   | Entered the Ecumenical Temple
  4708 | D:6      | Reached skill level 9 in Unarmed Combat
  4729 | D:6      | Found an opulent altar of Gozag.
  5101 | D:7      | Reached skill level 1 in Invocations
  5160 | D:7      | Reached XP level 9. HP: 84/88 MP: 7/9
  5275 | D:7      | Found an iron altar of Okawaru.
  5401 | D:7      | Reached *** piety under Makhleb
  5696 | D:7      | Found a sparkling altar of Nemelex Xobeh.
  5974 | D:8      | Found a sacrificial altar of Ru.
  5986 | D:8      | Found Qyssi's Antique Weapon Shoppe.
  5988 | D:8      | Noticed Grum
  6013 | D:7      | HP: 3/88 [wolf[Grum] (11)]
  6017 | D:7      | HP: 1/88 [wolf[Grum] (4)]
  6019 | D:7      | Mangled by a wolf

Action                   |  1- 3 |  4- 6 |  7- 9 || total
-------------------------+-------+-------+-------++-------
Melee: Unarmed           |   118 |   153 |   266 ||   537
  Use: Potion            |       |       |    10 ||    10
       Scroll            |       |       |     3 ||     3
 Stab: Sleeping          |     1 |     2 |     2 ||     5
       Distracted        |     1 |       |       ||     1
  Eat: Chunk             |    17 |    13 |    38 ||    68
